[Event "*** Titled Tuesday 3|2 Blitz"]
[Site "Chess.com"]
[Date "2016.07.05"]
[Round "2"]
[White "SavelijTartakover"]
[Black "ZapataCharlesS"]
[Result "1/2-1/2"]
[WhiteElo "2570"]
[BlackElo "2454"]
[TimeControl "180+2"]
[EndTime "11:19:55 PDT"]
[Termination "Game drawn by repetition"]

1. d4 d5 2. c4 dxc4 3. e3 e5 4. Bxc4 exd4 5. exd4 Nf6 6. Nf3 Bd6 7. Qe2+ Qe7 8.
Qxe7+ Bxe7 9. O-O O-O 10. Re1 Bd6 11. Bg5 Nbd7 12. Nc3 c6 13. Ne5 Nb6 14. Bb3 a5 15.
Bxf6 gxf6 16. Nc4 Nxc4 17. Bxc4 b5 18. Bd3 Be6 19. Ne4 Be7 20. Nc5 Bxc5 21. dxc5 Rad8 22.
Be4 Bd5 23. f3 Kg7 24. Kf2 h6 25. Rad1 Bxe4 26. fxe4 Rxd1 27. Rxd1 Re8 28. Rd6 Re6 29. Ke3 a4 30. a3 f5 31. Rxe6 fxe6 32. e5 Kg6 33. Kf4 Kf7 34. g4 fxg4 35. Kxg4 Kg6 36.
h3 h5+ 37. Kf4 Kh6 38. h4 Kg6 39. Ke4 Kh6 40. Kf4 Kg6 41. Ke4 Kh6 42. Kf4 Kg6 43. Ke4 Kh6 44. Kf4 Kg6 45. Ke4 Kh6 1/2-1/2

[Event "*** Titled Tuesday 3|2 Blitz"]
[Site "Chess.com"]
[Date "2016.07.05"]
[Round "2"]
[White "Matibar"]
[Black "Gajuchess"]
[Result "1-0"]
[WhiteElo "2606"]
[BlackElo "2521"]
[TimeControl "180+2"]
[EndTime "11:20:01 PDT"]
[Termination "Matibar won by resignation"]

1. e4 c5 2. Ne2 e6 3. g3 Nc6 4. Bg2 Nf6 5. O-O d5 6. exd5 Nxd5 7. d4 Nf6 8. dxc5 Qxd1 9. Rxd1 Bxc5 10. Nbc3 Bd7 11.
Nb5 Ke7 12. Bf4 Ne8 13. b4 Nxb4 14. Nbd4 Nd6 15. Rab1 f6 16. Nb3 e5 17. Nxc5 exf4 18. Rxb4 Bg4 19. Re1 Kf7 20. Bd5+ Kg6 21. Nxf4+ Kh6 22.
Nfd3 Bh5 23. Nxb7 Nxb7 24. Rxb7 Rad8 25. Bg2 Rc8 26. Nf4 Be8 27. Be4 Ba4 28. Rxa7 Bb5 29. Bd3 Bc6 30. h4 Rhe8 31. Rxe8 Rxe8 32. Kf1 g5 33. hxg5+ Kxg5 34. Rxh7 f5 35. Rh5+ Kf6 36. Rh6+ Kg7 37. Rg6+ 1-0

[Event "*** Titled Tuesday 3|2 Blitz"]
[Site "Chess.com"]
[Date "2016.07.05"]
[Round "2"]
[White "Zhani-Z"]
[Black "ChessNinja48"]
[Result "1-0"]
[WhiteElo "2267"]
[BlackElo "2315"]
[TimeControl "180+2"]
[EndTime "11:20:13 PDT"]
[Termination "Zhani-Z won by resignation"]

1. e4 e5 2. Nf3 Nc6 3. Bc4 Nf6 4. d3 Be7 5. O-O O-O 6. Bb3 d6 7. c3 Be6 8. Bc2 d5 9. Nbd2 dxe4 10. dxe4 Qd7 11.
Qe2 Rfd8 12. Nc4 Bg4 13. h3 Bh5 14. Re1 Qe6 15. Ne3 Bf8 16. Nf5 a5 17. Bb3 Qe8 18. Bg5 a4 19. Bc4 Be7 20. Bb5 Bxf3 21. Qxf3 Ra5 22.
Bc4 Nd7 23. Nxe7+ Nxe7 24. Rad1 h6 25. Bh4 Rc5 26. Bf1 Nf8 27. Rxd8 Qxd8 28. Rd1 Qe8 29. Qe3 b6 30. b4 axb3 31. axb3 Qc6 32. Bxe7 Rxc3 33.
Qe1 Ng6 34. Bb5 Qxb5 35. Qxc3 Nxe7 36. Qxc7 Nc6 37. Qc8+ Kh7 38. Qf5+ Kg8 39. Rd7 Qxb3 40. Rc7 Nd8 41. Qd7 1-0

[Event "*** Titled Tuesday 3|2 Blitz"]
[Site "Chess.com"]
[Date "2016.07.05"]
[Round "2"]
[White "AvitalBor"]
[Black "Dlugy"]
[Result "1-0"]
[WhiteElo "2482"]
[BlackElo "2599"]
[TimeControl "180+2"]
[EndTime "11:20:14 PDT"]
[Termination "AvitalBor won by checkmate"]

1. e4 c5 2. c3 d5 3. exd5 Qxd5 4. d4 cxd4 5. cxd4 e6 6. Nf3 Nf6 7. Nc3 Qd6 8. Bd3 Be7 9. O-O O-O 10. Bc2 Nc6 11. a3 a6 12. Qd3 g6 13. h3 b5 14. Ne4 Nxe4 15. Qxe4 Bb7 16. Bf4 Qd7 17. Qe3 Bf6 18. Rad1 Ne7 19. Be5 Nd5 20. Qh6 Bxe5 21.
dxe5 f5 22. exf6 Rxf6 23. Ng5 Qg7 24. Qxg7+ Kxg7 25. Rfe1 Re8 26. Bb3 h6 27. Ne4 Rff8 28. Nd6 Rb8 29. Rxe6 Rf6 30. Bxd5 Bxd5 31. Rxf6 Kxf6 32.
Rxd5 Ke6 33. Rd2 b4 34. Nc4 bxa3 35. bxa3 Rb3 36. Rd6+ Kf5 37. Rxa6 h5 38. Ne3+ Kg5 39. Kh2 Kh4 40. g3+ Kg5 41. h4+ Kh6 42. Ra7 Rb2 43.
Kg2 g5 44. Ra6+ Kg7 45. hxg5 h4 46. Nf5+ Kh7 47. gxh4 Kg8 48. h5 Kh8 49. g6 Rb5 50. Ra8+ Rb8 51. Rxb8# 1-0

[Event "*** Titled Tuesday 3|2 Blitz"]
[Site "Chess.com"]
[Date "2016.07.05"]
[Round "2"]
[White "FearlessKing64"]
[Black "Masterbeaterr"]
[Result "0-1"]
[WhiteElo "2108"]
[BlackElo "2301"]
[TimeControl "180+2"]
[EndTime "11:20:16 PDT"]
[Termination "Masterbeaterr won on time"]

1. e4 e5 2. Nf3 Nc6 3. Bc4 Nf6 4. d4 exd4 5. e5 Ne4 6. Qe2 Nc5 7. O-O Be7 8. c3 d3 9. Bxd3 Nxd3 10. Qxd3 O-O 11. Bf4 d5 12. exd6 Bxd6 13. Bxd6 Qxd6 14. Qxd6 cxd6 15.
Nbd2 Bg4 16. h3 Bh5 17. Rfe1 d5 18. Ne5 Rfe8 19. f4 f6 20. Nxc6 bxc6 21. b4 Kf8 22. Nb3 Rxe1+ 23. Rxe1 Re8 24. Rxe8+ Kxe8 25. Kf2 Ke7 26. Ke3 Kd6 27. g4 Bg6 28. f5 Bf7 29. Kd4 h5 30. Nc1 hxg4 31. hxg4 g6 32. Ne2 gxf5 33. gxf5 Bh5 34. Ng3 Bg4 35. a4 a6 36. a5 Bf3 37. Nf1 Be2 38. Ng3 Bg4 39. c4 dxc4 40. Kxc4 Bf3 41. Kd4 Bg4 42. Ne4+ Ke7 43.
Ng3 Kd6 44. Ne4+ Ke7 45. Ng3 Kd7 46. Kc5 Kc7 47. Ne4 Bxf5 48. Nxf6 Bd3 49. Ng4 Be2 50. Ne5 Bb5 51. Nf7 Bf1 52. Nd6 Be2 53. Nf7 Bf1 54. Ne5 Bb5 55. Nf7 Bf1 56. Nd6 Be2 0-1

[Event "*** Titled Tuesday 3|2 Blitz"]
[Site "Chess.com"]
[Date "2016.07.05"]
[Round "2"]
[White "josiwales"]
[Black "eltenedor"]
[Result "1-0"]
[WhiteElo "2112"]
[BlackElo "2016"]
[TimeControl "180+2"]
[EndTime "11:20:25 PDT"]
[Termination "josiwales won on time"]

1. e4 d5 2. exd5 Nf6 3. Nc3 Nxd5 4. Nf3 Bf5 5. Bc4 Nb6 6. Bb3 e6 7. d4 Be7 8. Be3 O-O 9. Qd2 Nc6 10. O-O-O Bb4 11.
h3 Nd5 12. Bxd5 exd5 13. a3 Ba5 14. b4 Bb6 15. g4 Be4 16. Nxe4 dxe4 17. Ne5 Nxe5 18.
dxe5 Qe7 19. Bf4 Rfd8 20. Qe2 a5 21. Rxd8+ Rxd8 22. Qxe4 Rd4 23. Qf5 axb4 24. Be3 Rd8 25. Bg5 f6 26. exf6 Qf7 27. fxg7 Qxf5 28. gxf5 Rd5 29.
Bh6 Rd6 30. Bf4 Rf6 31. axb4 Rxf5 32. Bh6 Rh5 33. Be3 Bxe3+ 34. fxe3 Kxg7 35. Kd2 Kf6 36. c4 Ke6 37. Kd3 Ke5 38. h4 c6 39. e4 b5 40.
c5 Rh6 41. h5 Rf6 42. Rh3 Rh6 43. Ke3 Kf6 44. Kf4 Ke6 45. e5 Kd5 46. Kf5 1-0

[Event "*** Titled Tuesday 3|2 Blitz"]
[Site "Chess.com"]
[Date "2016.07.05"]
[Round "2"]
[White "Grootneus"]
[Black "salomez"]
[Result "0-1"]
[WhiteElo "2049"]
[BlackElo "2110"]
[TimeControl "180+2"]
[EndTime "11:20:37 PDT"]
[Termination "salomez won by resignation"]

1. e4 c5 2. c3 Nf6 3. e5 Nd5 4. Nf3 Nc6 5. d4 cxd4 6. cxd4 e6 7. Bc4 d6 8. O-O Be7 9. Qe2 O-O 10. Nc3 Nxc3 11.
bxc3 dxe5 12. dxe5 Qa5 13. Bd2 Bd7 14. Bb3 Rac8 15. Rad1 Rfd8 16. Qe4 g6 17. h4 Bf8 18. h5 Ne7 19. hxg6 hxg6 20. Ng5 Nf5 21. Rfe1 Bc6 22. Qg4 Bg7 23. Nxe6 Re8 24. Ng5 Bd5 25. Bxd5 Qxd5 26. Bf4 Qxa2 27. e6 fxe6 28. Ne4 Kf7 29. Rd7+ Re7 30.
Ng5+ Ke8 31. Rxe7+ Nxe7 32. Nxe6 Bxc3 33. Ng5 Bxe1 34. Bd6 Qxf2+ 35. Kh2 Qh4+ 36. Qxh4 Bxh4 37. Nf3 Bf6 38. g4 g5 39. Ne1 Nd5 40. Bc5 0-1

[Event "*** Titled Tuesday 3|2 Blitz"]
[Site "Chess.com"]
[Date "2016.07.05"]
[Round "2"]
[White "TheLancer"]
[Black "Byniolus"]
[Result "1/2-1/2"]
[WhiteElo "2470"]
[BlackElo "2593"]
[TimeControl "180+2"]
[EndTime "11:20:41 PDT"]
[Termination "Game drawn by agreement"]

1. e4 d6 2. d4 Nf6 3. Nc3 c6 4. Nf3 Bg4 5. h3 Bh5 6. Bd3 e6 7. Bg5 Be7 8. Ne2 d5 9. e5 Bxf3 10. gxf3 Nfd7 11. Bxe7 Qxe7 12. c3 c5 13. a3 Nc6 14. b4 cxd4 15. cxd4 f6 16. f4 f5 17. Rc1 a5 18. b5 Na7 19. Rc7 Qxa3 20. Rxb7 Qb4+ 21.
Qd2 Nc8 22. Qxb4 axb4 23. Kd2 Ncb6 24. Rc1 Ke7 25. Rc6 Rhb8 26. Rxb8 Rxb8 27. Nc1 Nc4+ 28. Bxc4 dxc4 29. Rxc4 Rxb5 30. Kc2 Nb6 31. Rc7+ Kf8 32. Nd3 Nd5 33. Rc6 b3+ 34. Kb2 Kf7 35. Ra6 h6 36. Ra3 Kg6 37. Rxb3 Rxb3+ 38. Kxb3 Kh5 39. Kc4 Kh4 40. Kc5 Kxh3 41. Kd6 Kg4 42. Kxe6 Nb6 43. f3+ Kg3 44. Kxf5 h5 45. Nc5 h4 46. Ne4+ Kxf3 47.
Ng5+ Ke3 48. e6 Kxd4 49. e7 Nc8 50. Ke6 Nxe7 51. Kxe7 Ke3 52. Nh3 Kf3 53. Kf7 Kg4 54.
Kxg7 Kxh3 55. f5 Kg2 56. f6 h3 57. f7 h2 58. f8=Q h1=Q 1/2-1/2

[Event "*** Titled Tuesday 3|2 Blitz"]
[Site "Chess.com"]
[Date "2016.07.05"]
[Round "2"]
[White "Krupko_Alexey"]
[Black "CraiggoryC"]
[Result "0-1"]
[WhiteElo "1956"]
[BlackElo "2071"]
[TimeControl "180+2"]
[EndTime "11:20:43 PDT"]
[Termination "CraiggoryC won by checkmate"]

1. e4 e6 2. d4 d5 3. Nc3 Bb4 4. e5 c5 5. a3 Bxc3+ 6. bxc3 Ne7 7. Qg4 Qc7 8. Qxg7 Rg8 9. Qxh7 cxd4 10. Ne2 Nbc6 11. f4 Bd7 12. Qd3 dxc3 13. Nxc3 a6 14. Rb1 Na5 15. h4 Nf5 16. Rh3 O-O-O 17. h5 Qc5 18. h6 Rg6 19. h7 Rh8 20. Ne2 Rg7 21.
Bd2 Nc4 22. Bb4 Qc7 23. Nd4 Nxd4 24. Qxd4 Rgxh7 25. Rc3 b5 26. a4 Rh1 27. Kf2 Qd8 28.
axb5 Qh4+ 29. Rg3 Bxb5 30. Bd6 Nxd6 31. exd6 Rxf1+ 32. Rxf1 Bxf1 33. Qb6 Qxf4+ 34. Kg1 Qc4 35. Rg7 Bxg2 36. Rxg2 Qc3 37. Qxa6+ Kb8 38. Qb6+ Kc8 39.
Rg7 Qe1+ 40. Kg2 Qe2+ 41. Kg3 Qh2+ 42. Kf3 Rh3+ 43. Kg4 Qg2+ 44. Kf4 Rf3+ 45. Ke5 Qe2+ 46. Kd4 Qe3# 0-1

[Event "*** Titled Tuesday 3|2 Blitz"]
[Site "Chess.com"]
[Date "2016.07.05"]
[Round "2"]
[White "Misha_Bilous"]
[Black "BillieKimbah"]
[Result "0-1"]
[WhiteElo "2264"]
[BlackElo "2518"]
[TimeControl "180+2"]
[EndTime "11:20:44 PDT"]
[Termination "BillieKimbah won on time"]

1. d4 Nf6 2. c4 g6 3. Nc3 d5 4. cxd5 Nxd5 5. e4 Nxc3 6. bxc3 Bg7 7. Bc4 c5 8. Ne2 Nc6 9. Be3 O-O 10. O-O Qc7 11. Rc1 Bg4 12. f3 Bd7 13. f4 Rad8 14.
f5 Bc8 15. Nf4 Na5 16. Bd3 e5 17. Nd5 Rxd5 18. exd5 exd4 19. cxd4 c4 20. Bc2 b5 21. f6 Bh8 22. Bf4 Qb6 23. Be5 b4 24. Be4 Bb7 25. Qf3 c3 26. d6 Nc4 27. Bxb7 Nxe5 28. Qe4 Nd7 29. Qc6 Qxd4+ 30. Kh1 Nxf6 31. Rcd1 Qb6 32.
Qxb6 axb6 33. d7 Rd8 34. Bc6 Ng4 35. Rde1 Ne5 36. Bb5 Kf8 37. Rf4 Nxd7 38. Rxb4 Nc5 39. Bc4 c2 40. Rxb6 Rd1 41. Rb8+ Kg7 0-1

[Event "*** Titled Tuesday 3|2 Blitz"]
[Site "Chess.com"]
[Date "2016.07.05"]
[Round "2"]
[White "SmoothAsAHedgehog"]
[Black "VerdeNotte"]
[Result "1/2-1/2"]
[WhiteElo "2521"]
[BlackElo "2617"]
[TimeControl "180+2"]
[EndTime "11:21:03 PDT"]
[Termination "Game drawn by agreement"]

1. Nf3 g6 2. c4 Bg7 3. g3 b6 4. Bg2 Bb7 5. Nc3 Nf6 6. O-O O-O 7. d4 Ne4 8. Nxe4 Bxe4 9. Be3 e6 10. Qd2 d5 11. cxd5 Qxd5 12. Bh6 Nc6 13. Bxg7 Kxg7 14. Rfd1 Rfd8 15. Rac1 Rd7 16. Rxc6 Qxc6 17. Ne5 Bxg2 18.
Nxc6 Bxc6 19. Rc1 Bb7 20. Qf4 Rc8 21. b4 f6 22. h4 h6 23. f3 g5 24. hxg5 hxg5 25. Qe3 Bd5 26. a4 g4 27. Kg2 Rh8 28. Rh1 Rxh1 29. Kxh1 a5 30. bxa5 gxf3 31. exf3 bxa5 32.
Kg2 c6 33. Qc3 Rb7 34. Qxa5 Rb2+ 35. Kg1 Rb1+ 36. Kf2 Rb2+ 37. Ke1 Rb1+ 38. Kd2 Bxf3 39. Qc7+ Kg6 40. a5 Rb4 41. a6 Rxd4+ 42. Ke3 Ra4 43.
Kxf3 Rxa6 44. Qd7 Ra3+ 45. Kg4 Re3 46. Qxc6 Re4+ 47. Kf3 f5 48. Qe8+ Kf6 49. Qh8+ Kg6 50. Qg8+ Kf6 51. Qd8+ Kf7 52. Qd3 Kf6 53. Qc3+ Kf7 54.
Qb2 Rg4 55. Qb7+ Kf6 56. Qb2+ Kf7 57. Qh2 Kf6 58. Qh6+ Kf7 59. Qh7+ Kf6 60. Qh6+ Kf7 61. Qh5+ Kf6 62. Qh1 Re4 63. Qh6+ Kf7 64. Qh7+ 1/2-1/2

[Event "*** Titled Tuesday 3|2 Blitz"]
[Site "Chess.com"]
[Date "2016.07.05"]
[Round "2"]
[White "FairChess_on_YouTube"]
[Black "VSERGUEI"]
[Result "1-0"]
[WhiteElo "2724"]
[BlackElo "2491"]
[TimeControl "180+2"]
[EndTime "11:21:05 PDT"]
[Termination "FairChess_on_YouTube won by resignation"]

1. d4 d5 2. c4 c6 3. Nc3 Nf6 4. Nf3 a6 5. e3 b5 6. b3 Bf5 7. Bd3 Bxd3 8. Qxd3 e6 9. O-O Be7 10. Bb2 Nbd7 11. a4 bxc4 12. bxc4 Nb6 13. Ne5 Nxc4 14.
Nxc4 dxc4 15. Qxc4 Qd7 16. Ba3 O-O 17. Rfb1 Rfc8 18. Bc5 a5 19. h3 h6 20. Rb3 Bxc5 21.
Qxc5 Nd5 22. Ne4 Nb4 23. Rc1 Qd5 24. Qxd5 cxd5 25. Nc5 Rc6 26. g4 Rac8 27. Kg2 Na6 28. Rb5 Nxc5 29. Rcxc5 Rxc5 30. dxc5 Ra8 31. Kf3 Kf8 32.
e4 d4 33. e5 Rd8 34. Ke2 d3+ 35. Kd2 Rd4 36. Rxa5 g5 37. c6 Rc4 38. Ra6 Ke7 39.
Kxd3 Rc1 40. Ra7+ Kd8 41. Rd7+ Kc8 42. Rxf7 Rxc6 43. Rf6 Kd7 44. Rxh6 Rc5 45. f4 gxf4 46. Ke4 Rc4+ 47. Kf3 Rxa4 48. g5 Ke7 49. Rh7+ Kf8 50. h4 Ra3+ 51. Kxf4 Ra4+ 52. Kf3 Ra5 53. g6 Rxe5 54. h5 Kg8 55. Kg4 Rf5 56. Re7 Rf1 57. Kg5 Rf5+ 58. Kh6 e5 59. Re8+ Rf8 60. Rxf8+ Kxf8 61. Kh7 e4 62. g7+ Ke7 63. g8=Q 1-0

[Event "*** Titled Tuesday 3|2 Blitz"]
[Site "Chess.com"]
[Date "2016.07.05"]
[Round "2"]
[White "dretch"]
[Black "MaestroASK"]
[Result "1-0"]
[WhiteElo "2646"]
[BlackElo "2478"]
[TimeControl "180+2"]
[EndTime "11:21:13 PDT"]
[Termination "dretch won by checkmate"]

1. d4 d6 2. Nf3 g6 3. c4 Bg7 4. e4 e5 5. Nc3 c6 6. Be2 Nd7 7. O-O f6 8. d5 c5 9. Ne1 Bh6 10. Nd3 Bxc1 11. Qxc1 Qe7 12. f4 exf4 13. Qxf4 Ne5 14. Nxe5 Qxe5 15. Nb5 Qxf4 16. Rxf4 Ke7 17. Raf1 a6 18. Nc3 Bd7 19. a3 b6 20. b4 cxb4 21.
axb4 a5 22. b5 Rb8 23. Nd1 g5 24. R4f2 h5 25. Ne3 Rh6 26. g4 h4 27. Bd3 Rf8 28.
Kg2 Rh8 29. Nf5+ Bxf5 30. exf5 Nh6 31. Re2+ Kd7 32. c5 bxc5 33. b6 Nxg4 34. Bb5+ Kd8 35. Re6 Rh7 36. Rxd6+ Kc8 37. Re1 Ne5 38. Rc1 c4 39.
Ra1 Kb8 40. Rxa5 c3 41. Rc6 Rd8 42. Rxc3 Rxd5 43. Ba6 Rd2+ 44. Kf1 Rd8 45. Rac5 Rhh8 46.
Rc7 Nd7 47. Rb7+ Ka8 48. Ra7+ Kb8 49. Rb7+ Ka8 50. Rcc7 Nxb6 51. Ra7+ Kb8 52. Rcb7+ Kc8 53. Rxb6# 1-0

[Event "*** Titled Tuesday 3|2 Blitz"]
[Site "Chess.com"]
[Date "2016.07.05"]
[Round "2"]
[White "DiamondCrusher22"]
[Black "akinov-akinseye"]
[Result "1-0"]
[WhiteElo "1854"]
[BlackElo "1817"]
[TimeControl "180+2"]
[EndTime "11:21:19 PDT"]
[Termination "DiamondCrusher22 won by checkmate"]

1. e4 e5 2. Nf3 Nc6 3. Bb5 a6 4. Ba4 Nf6 5. O-O b5 6. Bb3 Be7 7. Re1 O-O 8. c3 d5 9. exd5 Nxd5 10.
Nxe5 Nxe5 11. Rxe5 c6 12. d4 Bd6 13. Re1 Qh4 14.
g3 Qh3 15. Be3 Bg4 16. Qd3 Rae8 17. Nd2 Bf5 18. Qf1 Qh5 19. Bd1 Qg6 20. Bf3 Bd3 21.
Qg2 Nxe3 22. Rxe3 Rxe3 23. fxe3 c5 24. Be4 Bxe4 25. Qxe4 cxd4 26. Qxg6 hxg6 27. cxd4 Re8 28. Kf2 Bb4 29. Nf3 f6 30. Rc1 g5 31. Rc6 g4 32. Nh4 Bd2 33. Ng2 a5 34. Ke2 Bb4 35.
Kd3 Kf7 36. a3 Bf8 37. Nf4 b4 38. Rc7+ Re7 39. Rxe7+ Bxe7 40. a4 g5 41. Nd5 Bd6 42. e4 Ke6 43. Ne3 Bf8 44. b3 Be7 45. Nf5 Bf8 46.
Kc4 Bd6 47. Kb5 Bc7 48. Kc6 Bd8 49. Nh6 Be7 50. Nxg4 f5 51. d5+ Kf7 52. exf5 Bd8 53. d6 Ke8 54. Ne5 g4 55. d7+ Ke7 56. Nxg4 Kf8 57. h4 Ke7 58. h5 Kf8 59. h6 Kf7 60.
Ne5+ Ke7 61. h7 Bc7 62. h8=Q Bd8 63. Qg7# 1-0

[Event "*** Titled Tuesday 3|2 Blitz"]
[Site "Chess.com"]
[Date "2016.07.05"]
[Round "2"]
[White "vovkcoach"]
[Black "daro94"]
[Result "0-1"]
[WhiteElo "2510"]
[BlackElo "2634"]
[TimeControl "180+2"]
[EndTime "11:21:24 PDT"]
[Termination "daro94 won by resignation"]

1. d4 Nf6 2. c4 g6 3. Nf3 Bg7 4. g3 O-O 5. Bg2 c6 6. O-O d5 7. Nbd2 Bf5 8. b3 Nbd7 9. Bb2 a5 10. a4 Re8 11. e3 Qb6 12. Bc3 Ne4 13. Nxe4 Bxe4 14. Re1 e6 15. h4 h6 16. Nd2 Bxg2 17.
Kxg2 Nf6 18. Qf3 Rad8 19. Rab1 Qc7 20. Rec1 h5 21. b4 axb4 22. Bxb4 Ra8 23. a5 Ng4 24. Nb3 b6 25. axb6 Qxb6 26. Bd6 Ra2 27. Nc5 Qd8 28.
Nb7 Qf6 29. Qxf6 Bxf6 30. Kg1 Rxf2 31. Rf1 Rxf1+ 32. Rxf1 Bg7 33. Bf4 Ra8 34. Rc1 Ra3 35. cxd5 cxd5 36. Rc8+ Kh7 37. Rc7 Nxe3 38. Rxf7 Kg8 39.
Re7 Bxd4 40. Kh1 Ra1+ 41. Kh2 e5 42. Bxe3 Ra2+ 43. Kh1 Bxe3 44. Rxe5 d4 45. Nc5 Kf7 46. Ne4 Rc2 47. Rd5 Ke6 48. Ra5 d3 49. Ra6+ Ke5 0-1

[Event "*** Titled Tuesday 3|2 Blitz"]
[Site "Chess.com"]
[Date "2016.07.05"]
[Round "2"]
[White "tigra"]
[Black "David_Klein"]
[Result "1-0"]
[WhiteElo "2452"]
[BlackElo "2411"]
[TimeControl "180+2"]
[EndTime "11:21:24 PDT"]
[Termination "tigra won by resignation"]

1. e4 e5 2. Nf3 Nc6 3. Bb5 Nf6 4. Qe2 Bc5 5. c3 O-O 6. Bxc6 dxc6 7. Nxe5 Re8 8. d4 Bb6 9. f3 c5 10. dxc5 Bxc5 11.
Nd3 Bb6 12. Bg5 Be6 13. Na3 Qd7 14. Nf4 Qd6 15. Rd1 Qe5 16. Nxe6 Rxe6 17. Be3 Nh5 18. Nc4 Qf6 19. Nxb6 axb6 20. a3 Qh4+ 21. Qf2 Qe7 22. g4 Nf6 23. O-O h5 24. g5 Nh7 25.
Qd2 Rd6 26. Qg2 Rad8 27. Rxd6 Rxd6 28. h4 Nf8 29. Qe2 Ng6 30. Qf2 Rd3 31. Re1 Qd7 32. Kg2 Kh7 33. Kg3 Qd6+ 34. Kg2 Ne5 35. Re2 Nc4 36. Qe1 Rd1 37. Qf2 Qd3 38. Bf4 Rb1 39. Bxc7 Qd1 40. Kg3 Qh1 41. Kf4 Qh3 42. Qh2 Qd7 43.
Bb8 Qc8 44. Be5 Nxe5 45. Kxe5 Qc5+ 46. Kf4 Rf1 47. Kg3 Qc4 48. Qg2 Rd1 49. Rd2 Qc7+ 50. f4 Re1 51. Qf3 Qc5 52. Qxh5+ Kg8 53. Rd8+ 1-0

[Event "*** Titled Tuesday 3|2 Blitz"]
[Site "Chess.com"]
[Date "2016.07.05"]
[Round "2"]
[White "thymathgeek"]
[Black "kxt100"]
[Result "0-1"]
[WhiteElo "2070"]
[BlackElo "2043"]
[TimeControl "180+2"]
[EndTime "11:21:27 PDT"]
[Termination "kxt100 won by resignation"]

1. d4 Nf6 2. c4 e6 3. Nf3 b6 4. g3 Ba6 5. b3 Bb7 6. Bg2 Bb4+ 7.
Bd2 c5 8. Bxb4 cxb4 9. Nbd2 d6 10. Qc2 O-O 11. O-O Nbd7 12. e4 e5 13. dxe5 dxe5 14.
Rfe1 Qc7 15. Nf1 b5 16. N3d2 Rac8 17. Ne3 Nb6 18. Rac1 a5 19. cxb5 Qxc2 20. Rxc2 Rxc2 21. Nxc2 Rc8 22. Ne3 Rc5 23. Nec4 Nxc4 24. Nxc4 Rxb5 25. Rd1 Kf8 26. Nd6 Rb6 27. Nxb7 Rxb7 28. Rc1 Nd7 29. Kf1 Ke7 30. Ke2 f6 31. Ke3 Kd6 32. Bf1 Rc7 33.
Rxc7 Kxc7 34. Kd3 Nb6 35. f3 Kd6 36. Bh3 Kc5 37. Be6 a4 38. f4 a3 39. fxe5 fxe5 40. g4 g5 41. Bf7 h6 42. Be6 Na8 43. Bd7 Nc7 44. Ba4 Ne6 45. Bd7 Nd4 46. Be8 Nxb3 47. Bf7 Nd4 48. Bg8 Nf3 49. h3 Ng1 50. h4 gxh4 51. Ke3 Nh3 52. Be6 Nf4 53. Bb3 h3 54. Kf3 h2 0-1

[Event "*** Titled Tuesday 3|2 Blitz"]
[Site "Chess.com"]
[Date "2016.07.05"]
[Round "2"]
[White "jeaston1"]
[Black "ajkom197"]
[Result "1-0"]
[WhiteElo "2166"]
[BlackElo "2234"]
[TimeControl "180+2"]
[EndTime "11:21:31 PDT"]
[Termination "jeaston1 won by checkmate"]

1. d4 Nf6 2. c4 g6 3. Nc3 Bg7 4.
e4 d6 5. f3 O-O 6. Be3 c5 7.
dxc5 dxc5 8. Qxd8 Rxd8 9. Bxc5 Nc6 10. Nge2 Be6 11. Nf4 Rac8 12. Nxe6 fxe6 13. Be2 b6 14. Bf2 Nb4 15. O-O Nd3 16. Bxd3 Rxd3 17. Rfd1 Rxd1+ 18. Rxd1 Rxc4 19. Bd4 Kf7 20. Kf2 Rxd4 21. Rxd4 Ng4+ 22. fxg4 Bxd4+ 23. Kf3 Kf6 24. Nb5 Bxb2 25. Nxa7 Bd4 26. Nc6 Bc5 27. e5+ Kf7 28. Ke4 Ke8 29. Nd4 Kd7 30. Nf3 h6 31. Nh4 g5 32. Nf3 Bf2 33.
g3 Kc6 34. h4 Bxg3 35. hxg5 hxg5 36. Nxg5 Kd7 37. Nf3 Ke8 38. Nd4 Kf7 39. Nf3 Kg6 40. Kd3 Kf7 41. Kc4 Ke8 42. Kb5 Bf2 43. Kc6 Kd8 44.
Ng5 Ke8 45. Nxe6 Kf7 46. Kd5 Be3 47. Nd8+ Kg6 48. Ke6 Bc5 49. Nc6 Kg5 50. Nxe7 Kxg4 51. Nd5 Kf3 52. Kf5 Ke2 53. e6 Kd3 54. Nxb6 Kc3 55.
Nd5+ Kc4 56. e7 Bxe7 57. Nxe7 Kb4 58. Nd5+ Ka3 59. Nc3 Kb4 60. a4 Ka5 61. Ke5 Kb4 62. Kd4 Ka5 63. Kc5 Ka6 64. Nb5 Ka5 65. Nc3 Ka6 66. Kb4 Kb6 67. a5+ Ka6 68. Ka4 Kb7 69. Kb5 Ka7 70. a6 Kb8 71. Na4 Ka7 72. Ka5 Kb8 73. Kb6 Ka8 74. Nc5 Kb8 75. Ne6 Ka8 76.
Nc7+ Kb8 77. a7+ Kc8 78. a8=Q+ Kd7 79. Qc6+ Kc8 80. Ne6+ Kb8 81. Qb7# 1-0

[Event "*** Titled Tuesday 3|2 Blitz"]
[Site "Chess.com"]
[Date "2016.07.05"]
[Round "2"]
[White "Hikaru"]
[Black "Gabrielian_Artur"]
[Result "1-0"]
[WhiteElo "3002"]
[BlackElo "2496"]
[TimeControl "180+2"]
[EndTime "11:21:33 PDT"]
[Termination "Hikaru won by checkmate"]

1. d4 Nf6 2. c4 c5 3. d5 e6 4. Nc3 exd5 5. cxd5 d6 6. Nf3 g6 7. Nd2 Nbd7 8. g3 Bg7 9. Bg2 O-O 10. a4 Re8 11. Nc4 Ne5 12. Na3 a6 13. h3 Rb8 14.
O-O Nh5 15. e4 Bd7 16. g4 Nf6 17. g5 Nh5 18. f4 b5 19. axb5 axb5 20. fxe5 Bxe5 21.
Ne2 Qc8 22. Rf3 Ra8 23. Rb1 c4 24. Nc2 b4 25. Ncd4 Ra2 26. Be3 Bg7 27. Nc1 Ra5 28. Nc6 Bxc6 29. dxc6 Qxc6 30. Rf2 Qc7 31. Qf3 Rae5 32.
Ra1 Rxe4 33. Ra7 Rxe3 34. Rxc7 Rxf3 35. Rxf3 Re1+ 36. Bf1 Bd4+ 37. Kg2 Rxc1 38. Rxc4 Bxb2 39. Rxb4 Rc2+ 40. Rf2 Rxf2+ 41. Kxf2 Be5 42. Bc4 Nf4 43. h4 d5 44. Bf1 Ne6 45. Rb5 Nf4 46.
Kf3 Kg7 47. Rb7 Ne6 48. Bh3 Nd4+ 49. Ke3 Nc2+ 50. Kd3 Nd4 51. Rd7 Nc6 52. Be6 Nb4+ 53. Ke2 h6 54. Rxf7+ Kh8 55. h5 gxh5 56. g6 Nc6 57. Rh7# 1-0

[Event "*** Titled Tuesday 3|2 Blitz"]
[Site "Chess.com"]
[Date "2016.07.05"]
[Round "2"]
[White "GeorgMeier"]
[Black "Smirnov_Pavel"]
[Result "0-1"]
[WhiteElo "2697"]
[BlackElo "2528"]
[TimeControl "180+2"]
[EndTime "11:21:33 PDT"]
[Termination "Smirnov_Pavel won by resignation"]

1. Nf3 Nf6 2. g3 d5 3. Bg2 e6 4. O-O Be7 5. c4 O-O 6. d4 c6 7.
Nbd2 b6 8. Qc2 Bb7 9. e4 Na6 10. a3 dxc4 11. e5 Nd5 12. Nxc4 c5 13. dxc5 Nxc5 14.
b4 Nd7 15. Nd6 Ba6 16. b5 Bxd6 17. bxa6 Rc8 18. Qb2 Be7 19. Rd1 Qc7 20. a4 Nc5 21. Bf1 Rfd8 22. Bb5 Ne4 23. Re1 Nec3 24. Bd2 Nxb5 25.
axb5 Qc4 26. Rab1 Qd3 27. Kg2 Rc2 28. Qb3 Rxd2 29. Nxd2 Qxd2 30. Rbd1 Qb4 31. Qxb4 Bxb4 32. Re4 Bc5 33. Rc1 Kf8 34. Rec4 Nc7 35. Rxc5 bxc5 36. Rxc5 Nd5 37. f4 Rb8 38. Kf3 Ke7 39. f5 Kd7 40.
fxe6+ fxe6 41. h4 Nc7 42. Rc4 Rxb5 43. Rg4 g6 44. Rf4 Ke7 45. Rc4 Nxa6 46. Rc6 Rb6 47. Rc8 h5 48. Rh8 Nc5 49. Rh7+ Kf8 50. Kf4 Rb7 51.
Rh8+ Kg7 52. Rc8 Rf7+ 53. Ke3 Nd7 54. Kd4 a5 55. Ra8 Nf8 56. Rxa5 Rf3 57. Ra7+ Kg8 58. Kc5 Rxg3 59. Kd6 Rg4 60. Ke7 Rxh4 0-1

[Event "*** Titled Tuesday 3|2 Blitz"]
[Site "Chess.com"]
[Date "2016.07.05"]
[Round "2"]
[White "evgenyermolaev"]
[Black "HansCoolNiemann"]
[Result "0-1"]
[WhiteElo "2247"]
[BlackElo "2344"]
[TimeControl "180+2"]
[EndTime "11:21:37 PDT"]
[Termination "HansCoolNiemann won by resignation"]

1. e4 g6 2. e5 Bg7 3. d4 d6 4. exd6 cxd6 5. Nf3 Nf6 6. c3 O-O 7. Be2 b6 8. O-O Bb7 9. Bg5 Nbd7 10. Nbd2 Rc8 11. h3 h6 12. Bf4 Re8 13. Nb3 e5 14. dxe5 dxe5 15. Bg3 Qe7 16. Bb5 Red8 17. Qe2 e4 18.
Nfd4 Nc5 19. Nxc5 bxc5 20. Nb3 Nh5 21. Bh2 Be5 22. f4 Bg7 23. Bc4 Nf6 24. Rad1 Nd5 25. f5 Qg5 26. fxg6 fxg6 27. Qxe4 Kh7 28. Bxd5 Bxd5 29.
Qg4 Qe3+ 30. Kh1 Be6 31. Qf3 Qxf3 32. gxf3 Bxh3 33. Rfe1 c4 34. Nd4 Re8 35. Kg1 Bd7 36. Kf2 Ba4 37. Rxe8 Rxe8 38. Re1 Rxe1 39. Kxe1 Kg8 40.
Kd2 Kf7 41. b3 Bxd4 42. bxa4 Bc5 43. Be5 Ke6 44. Bg7 h5 45. Ke2 Kf5 46. a5 a6 47. a4 h4 48. Kf1 h3 49. Bh6 g5 50.
Bg7 g4 51. fxg4+ Kxg4 52. Be5 Kf3 53. Bc7 Ke4 54. Bb6 Be3 55. Bc7 Kd3 56. Be5 Bd2 57.
Kf2 Bxc3 58. Bd6 Bd4+ 59. Kg3 c3 60. Kxh3 c2 61. Ba3 Kc3 62. Kg4 Kb3 63. Bc1 Bb2 64. Be3 Kxa4 65. Kf3 Kxa5 66. Ke4 Kb4 67. Kd3 Kb3 0-1